 Dungeon Crawl Stone Soup version 0.29-a0-676-ga64570c9d2 (webtiles) character file.

Game seed: 11715873064666042754

79529 wilfster70 the Peltast (level 15, -1/126 HPs)
             Began as a White Draconian Ice Elementalist on June 24, 2022.
             Was a High Priest of Okawaru.
             Killed themself with a badly aimed burst of rock shards (17 damage)
             ... on level 14 of the Dungeon.
             The game lasted 01:20:08 (30269 turns).

wilfster70 the Peltast (DrIE)                      Turns: 30269, Time: 01:20:09

Health: -1/126     AC: 22    Str: 18    XL:     15   Next: 21%
Magic:  19/33      EV: 14    Int: 21    God:    Okawaru [*****.]
Gold:   466        SH: 24    Dex: 12    Spells: 11/26 levels left

rFire   + . .      SeeInvis +   a - +6 shillelagh "Devastator" {shatter}
rCold   + . .      Faith    .   C - +4 kite shield "Osizil" {Slay+3}
rNeg    . . .      Spirit   .   (body armour unavailable)
rPois   .          Reflect  +   U - +1 hat of Slovenliness {MP+9 Str+2 Dex+3}
rElec   .          Harm     .   j - +2 cloak
rCorr   +          Rampage  .   V - +1 pair of gloves of Ennui {rCorr Str+5 Dex-4 SInv}
Will    +....                   h - +2 pair of boots
Stlth   +++.......              P - amulet of reflection
HPRegen 0.31/turn               c - ring of protection from fire
MPRegen 0.23/turn               J - +4 ring of protection

@: heroic, finesse-ful
A: breathe frost, AC +9, unfitting armour, cold resistance 1, cold-blooded
a: Breathe Frost, Renounce Religion, Heroism, Finesse, Duel


You were on level 14 of the Dungeon.
You worshipped Okawaru.
Okawaru was extremely pleased with you.
You visited 4 branches of the dungeon, and saw 23 of its levels.
You also visited: Ossuary and Bailey.

You collected 2340 gold pieces.
You spent 1874 gold pieces at shops.

Inventory:

Hand Weapons
 a - the +6 shillelagh "Devastator" (weapon) {shatter}
   (You found it on level 4 of the Dungeon)

   It releases a powerful concussive burst when it strikes, dealing extra damage
   to the target and all other foes adjacent to them.
 b - a +0 fustibalus of venom
Missiles
 f - 13 poisoned darts
 p - 3 throwing nets
 A - 22 javelins
 L - 9 curare-tipped darts
Armour
 h - a +2 pair of boots (worn)
 j - a +2 cloak (worn)
 C - the +4 kite shield "Osizil" (worn) {Slay+3}
   (Okawaru gifted it to you on level 3 of the Lair of Beasts)

   Slay:      It affects your accuracy & damage with ranged weapons and melee
   (+3).
 U - the +1 hat of Slovenliness (worn) {MP+9 Str+2 Dex+3}
   (Okawaru gifted it to you on level 2 of the Orcish Mines)

   Str:       It affects your strength (+2).
   Dex:       It affects your dexterity (+3).
   MP:        It affects your magic capacity (+9).
 V - the +1 pair of gloves of Ennui (worn) {rCorr Str+5 Dex-4 SInv}
   (You bought it in a shop on level 1 of the Orcish Mines)

   Str:       It affects your strength (+5).
   Dex:       It affects your dexterity (-4).
   SInv:      It lets you see invisible.
   rCorr:     It protects you from acid and corrosion.
Magical Staves
 y - a staff of cold
Jewellery
 c - a ring of protection from fire (left hand)
 t - the amulet "Nekoirut" {Faith Will++}
   (You found it on level 5 of the Dungeon)

   [amulet of faith]

   It allows you to gain divine favour quickly.
   Will:      It greatly increases your willpower.
 J - a +4 ring of protection (right hand)
 K - a ring of willpower
 P - an amulet of reflection (around neck)
 T - an amulet of magic regeneration
Wands
 o - a wand of flame (42)
 s - a wand of mindburst (15)
 v - a wand of light (21)
 O - a wand of iceblast (1)
Scrolls
 e - 6 scrolls of teleportation
 n - 3 scrolls of fog
 r - 3 scrolls of identify
 w - 2 scrolls of silence
 z - a scroll of blinking
 B - 2 scrolls of fear
 G - 4 scrolls of magic mapping
 I - a scroll of brand weapon
 Q - a scroll of amnesia
Potions
 d - 5 potions of lignification
 g - 3 potions of haste
 i - 4 potions of magic
 k - 6 potions of mutation
 l - 16 potions of curing
 m - 2 potions of heal wounds
 q - 4 potions of might
 u - 3 potions of brilliance
 x - 4 potions of ambrosia
 D - 3 potions of attraction
 E - 4 potions of invisibility
 F - a potion of cancellation
 M - 3 potions of resistance
 N - 3 potions of flight
Miscellaneous
 H - a tin of tremorstones (1/2)
 S - a condenser vane


   Skills:
 - Level 10.0(15.0) Fighting
 - Level 14.0(19.0) Maces & Flails
 - Level 1.7(6.7) Dodging
 - Level 1.7(6.7) Stealth
 - Level 15.0(20.0) Shields
 + Level 6.1 Spellcasting
 + Level 8.6 Conjurations
 - Level 7.2 Ice Magic
 + Level 2.2 Earth Magic
 - Level 7.7 Invocations
 - Level 9.0 Evocations


You had 11 spell levels left.
You knew the following spells:

 Your Spells              Type           Power      Damage    Failure   Level
a - Magic Dart            Conj           100%       1d8       1%          1
b - Frozen Ramparts       Ice            72%        1d9       1%          3
c - Ozocubu's Armour      Ice            36%        N/A       1%          3
d - Lehudib's Crystal Sp  Conj/Erth      14%        10d5      100%        8

Your spell library contained the following spells:

 Spells                   Type           Power      Damage    Failure   Level
 Freeze                   Ice            100%       1d11      1%          1
 Searing Ray              Conj           84%        2d7       1%          2
 Ensorcelled Hibernation  Hex/Ice        42%        N/A       4%          2
 Stone Arrow              Conj/Erth      58%        3d10      4%          3
 Hailstorm                Conj/Ice       39%        3d9       4%          4
 Iskenderun's Battlesphe  Conj           42%        2d9       11%         5
 Mephitic Cloud           Conj/Pois/Air  18%        N/A       12%         3
 Passwall                 Tmut/Erth      9%         N/A       13%         2
 Fulminant Prism          Conj/Hex       12%        3d9       22%         4
 Ice Form                 Ice/Tmut       21%        N/A       30%         4
 Swiftness                Air            6%         N/A       36%         3
 Fireball                 Conj/Fire      12%        3d7       52%         5
 Anguish                  Hex/Necr       3%         N/A       78%         4
 Orb of Destruction       Conj           21%        9d8       97%         7
 Conjure Ball Lightning   Conj/Air       12%        3x3d6     98%         6
 Enfeeble                 Hex            3%         N/A       100%        7
 Call Imp                 Summ           Unusable   N/A       N/A         2
 Summon Ice Beast         Ice/Summ       Unusable   N/A       N/A         4
 Animate Armour           Summ/Erth      Unusable   N/A       N/A         4

Dungeon Overview and Level Annotations

Branches:
Dungeon (14/15)            Temple (1/1) D:5            Lair (6/6) D:9
  Swamp (0/4) Lair:3        Snake (0/4) Lair:3        Slime (0/5) Lair:5
    Orc (2/2) D:12            Elf (0/3) Orc:2       Ossuary (visited)
 Bailey (visited)
 Vaults: D:13-14

Altars:
Ashenzari
Cheibriados
Dithmenos
Elyvilon
Fedhas
Gozag
Hepliaklqana
Kikubaaqudgha
Makhleb
Nemelex Xobeh
Okawaru
Qazlal
Ru
Sif Muna
Trog
Uskayaw
Vehumet
Wu Jian
Xom
Yredelemnul
Zin
The Shining One
Jiyva

Shops:
D:3 ?   D:10 *   D:12 *   Orc:1 **   Orc:2 =([[

Annotations:
D:6 1 runed translucent door, Zebulonius's ghost, novice DECj
D:10 5 transporters
Lair:5 exclusion: oklob plant


Innate Abilities, Weirdness & Mutations

You can breathe waves of freezing cold which knock back foes.
Your icy white scales are hard. (AC +9)
You cannot fit into any form of body armour.
Your flesh is cold resistant. (rC+)
You are cold-blooded and may be slowed by cold attacks.


Message History

There is an empty arch of ancient stone here.
Things that are here:
a +2 war axe of distortion; a +0 chain mail
There is an empty arch of ancient stone here.
Okawaru bids you farewell from the Arena.
There is a gate leading back out of this place here.
Welcome back to the Dungeon!
The centaur warrior wields a +0 longbow.
The centaur warrior shoots an arrow.
You reflect the arrow off an invisible shield around you!
The arrow hits the centaur warrior!!
The deep elf high priest wields a +0 longbow.
The deep elf high priest shoots an arrow.
The arrow hits you!
* * * LOW HITPOINT WARNING * * *
You see here 22 gold pieces.
The tremorstone explodes into fragments!
The burst of rock shards engulfs the deep elf high priest!
The burst of rock shards engulfs the flayed ghost!!
The burst of rock shards engulfs you but does no damage.
The burst of rock shards engulfs the deep elf high priest!
The burst of rock shards engulfs the flayed ghost!!
The burst of rock shards engulfs you but does no damage.
The burst of rock shards engulfs the deep elf high priest!!
The burst of rock shards engulfs the flayed ghost!!
You destroy the flayed ghost!
Okawaru accepts your kill.
The burst of rock shards engulfs the deep elf high priest!
You kill the deep elf high priest!
Okawaru accepts your kill.
The tin is emptied!
The centaur warrior shoots an arrow.
You reflect the arrow off an invisible shield around you!
The arrow hits the centaur warrior!
The centaur warrior shoots an arrow.
The arrow hits you!
* * * LOW HITPOINT WARNING * * *
Your tin of tremorstones (1/2) has regained one charge.
Your Earth Magic skill increases to level 2!
The tremorstone explodes into fragments!
The burst of rock shards engulfs you!
You die...

#### ##"[## ###
######
#}!$=###<###....##
#$$![##..##.)÷.).#
#$$$$##..##..##..#
#$$$$##.[##..##..#
#$$$$##..##..##..#
#$@$$##..##..##..#
#....##..##..##..#
#....##..##..##..#
#....##..##..##..#
#)...##..##..##..#
#....##..##÷(##..#
#.c..##..##..##††#
#....##..##..##..#
#....##..##..##..#


You could see a centaur warrior.

Vanquished Creatures
  A very ugly thing (D:14)
  A vampire knight (Arena)
  Nessos (Lair:5)
  An ettin (Orc:1)
  Snorg (Lair:6)
  Josephine (Lair:6)
  Fannar (D:11)
  A deep elf high priest (D:14)
  Harold (D:11)
  8 hydras
  A boulder beetle (Lair:5)
  2 centaur warriors
  2 catoblepae (Lair:6)
  Erica (Orc:1)
  A deep troll shaman (Lair:6)
  A death knight (D:13)
  9 death yaks (Lair:6)
  A tengu warrior (D:14)
  Amaemon (D:11)
  Sonja (Lair:5)
  3 skeletal warriors (D:13)
  A flayed ghost (D:14)
  A deep elf pyromancer (D:13)
  A wizard (D:14)
  3 orc knights (Orc:2)
  4 cyclopes
  4 ugly things
  3 manticores
  17 elephants (Lair:6)
  6 black mambas
  A gargoyle (D:13)
  A torpor snail (Lair:4)
  A kobold demonologist (D:11)
  Maggie (D:7)
  An unseen horror (D:12)
  An orange demon (D:11)
  4 rime drakes
  11 cane toads
  An efreet (D:14)
  6 komodo dragons
  9 trolls
  A troll (shapeshifter) (D:14)
  3 hornets (Lair:3)
  3 polar bears
  14 blink frogs
  2 tyrant leeches (Lair:3)
  2 slime creatures (D:14)
  6 dream sheep (Lair:6)
  A shadow (D:12)
  Sigmund (D:4)
  12 spriggans (Lair:3)
  23 yaks
  5 wyverns
  11 wraiths
  A fire bat (shapeshifter) (D:13)
  A basilisk (Lair:4)
  A steam dragon (D:10)
  8 vampire mosquitoes
  5 wargs
  16 water moccasins
  Edmund (D:6)
  A swamp worm (Lair:3)
  2 nagas (Lair:3)
  A sky beast (D:8)
  47 orc warriors
  2 ice beasts
  6 black bears
  4 ogres
  14 wolves
  3 boggarts (Lair:3)
  21 centaurs
  2 phantoms
  2 kobold brigands
  An elf zombie (Ossuary)
  8 bullfrogs
  A gnoll sergeant (D:13)
  4 necrophages
  2 scorpions
  A hornet simulacrum (D:14)
  18 wights
  30 killer bees
  5 howler monkeys
  2 hounds
  A gnoll shaman (D:9)
  13 orc priests
  A human zombie (Ossuary)
  3 jellies
  18 orc wizards
  2 iguanas
  2 hound zombies (Ossuary)
  5 mummies
  15 gnolls
  12 adders
  3 shadow imps
  A white imp (D:5)
  2 adder zombies (Ossuary)
  A worm (D:4)
  2 dart slugs
  80 orcs
  5 ball pythons
  6 endoplasms
  2 giant cockroaches (D:1)
  11 goblins
  8 hobgoblins
  3 jackals
  3 quokkas
  4 bats
  3 frilled lizards
  3 goblin zombies
  A hobgoblin zombie (Ossuary)
  2 jackal zombies (Ossuary)
  15 kobolds
  A kobold zombie (D:6)
  10 rats
  A rat zombie (Ossuary)
650 creatures vanquished.

Vanquished Creatures (others)
  40 fungi
  51 plants
91 creatures vanquished.

Grand Total: 741 creatures vanquished

Notes
Turn   | Place    | Note
-------+----------+-------------------------------------------
     0 | D:1      | wilfster70 the Draconian Ice Elementalist began the quest
                  | for the Orb.
     0 | D:1      | Reached XP level 1. HP: 14/14 MP: 3/3
   310 | D:1      | Reached XP level 2. HP: 16/20 MP: 3/5
   971 | D:1      | Reached XP level 3. HP: 23/26 MP: 2/7
   975 | D:1      | Learned a level 3 spell: Frozen Ramparts
   979 | D:1      | Learned a level 3 spell: Ozocubu's Armour
  1744 | D:2      | Found a blossoming altar of Fedhas.
  1773 | D:2      | Found a faded altar of an unknown god.
  2297 | D:3      | Reached XP level 4. HP: 33/33 MP: 4/8
  2558 | D:3      | Reached skill level 5 in Ice Magic
  2831 | D:3      | Found Ezokink's Magic Scroll Shop.
  2835 | D:3      | Bought a scroll of teleportation for 42 gold pieces
  2835 | D:3      | Bought a scroll of fog for 28 gold pieces
  3243 | D:4      | Noticed a scorpion
  3244 | D:4      | Noticed Sigmund
  3256 | D:4      | Killed a scorpion
  3257 | D:4      | Reached XP level 5. HP: 38/38 MP: 6/10
  3418 | D:4      | Killed Sigmund
  3419 | D:4      | Reached XP level 6. HP: 36/45 MP: 8/12
  3742 | D:4      | Reached skill level 5 in Spellcasting
  3997 | D:4      | Found the +6 shillelagh "Devastator" {shatter}
  4236 | D:5      | Entered Level 5 of the Dungeon
  4480 | D:5      | Reached skill level 1 in Maces & Flails
  4557 | D:5      | Your scales start taking on an icy white colour.
  4557 | D:5      | Reached XP level 7. HP: 50/50 MP: 10/14
  4557 | D:5      | Gained mutation: Your flesh is cold resistant. (rC+) [White
                  | Draconian growth]
  4735 | D:5      | Identified the amulet "Nekoirut" {Faith Will++}
  5106 | D:5      | Reached skill level 5 in Maces & Flails
  5404 | D:5      | Reached XP level 8. HP: 57/57 MP: 11/15
  5479 | D:5      | Found a staircase to the Ecumenical Temple.
  5493 | Temple   | Entered the Ecumenical Temple
  5743 | Temple   | Became a worshipper of Warmaster Okawaru
  6091 | D:6      | Found a bloodstained altar of Trog.
  6102 | D:6      | Reached skill level 1 in Invocations
  6395 | D:6      | Found a sand-covered staircase.
  6400 | Ossuary  | Entered an ossuary
  7143 | D:6      | Found a runed translucent door.
  7145 | D:6      | Noticed Zebulonius's ghost (novice DECj)
  7147 | D:6      | Identified the +2 leather armour of Amorality {rCorr Int+3}
  7150 | D:6      | Reached * piety under Okawaru
  7170 | D:6      | Found a shimmering altar of Xom.
  7216 | D:6      | Noticed Edmund
  7229 | D:6      | Killed Edmund
  7544 | D:6      | Reached skill level 5 in Invocations
  7628 | D:6      | Found an ornate altar of the Wu Jian Council.
  7634 | D:6      | Found a radiant altar of Vehumet.
  7634 | D:6      | Found a stormy altar of Qazlal.
  7634 | D:6      | Found a glowing silver altar of Zin.
  7698 | D:6      | Reached XP level 9. HP: 18/62 MP: 16/16
  8483 | D:7      | Found a flagged portal.
  8500 | Bailey   | Entered a bailey
  8994 | Bailey   | Reached ** piety under Okawaru
 10313 | Bailey   | Reached skill level 10 in Maces & Flails
 10537 | Bailey   | Reached XP level 10. HP: 30/69 MP: 15/17
 11188 | D:7      | Noticed Maggie
 11201 | D:7      | Killed Maggie
 11695 | D:8      | Reached *** piety under Okawaru
 11914 | D:8      | Identified the +5 ring mail of the Quiescent Turtle {*Slow
                  | rN+ Str+4 Int+4}
 12968 | D:9      | Reached **** piety under Okawaru
 13068 | D:9      | Found a staircase to the Lair.
 13580 | D:10     | Entered Level 10 of the Dungeon
 13724 | D:10     | Found an opulent altar of Gozag.
 13727 | D:10     | Found Gozag's Platinum Reserve.
 13769 | D:10     | Reached XP level 11. HP: 74/74 MP: 11/18
 13818 | D:10     | Reached skill level 1 in Fighting
 14086 | D:10     | Found a transporter.
 14090 | D:10     | Found a transporter.
 14115 | D:10     | Reached ***** piety under Okawaru
 14133 | D:10     | Received a gift from Okawaru
 14289 | D:10     | Found an ancient bone altar of Kikubaaqudgha.
 14410 | D:10     | Found a transporter.
 14411 | D:10     | Found a transporter.
 14422 | D:10     | Found a transporter.
 14422 | D:10     | Found a transporter.
 14888 | Lair:1   | Entered Level 1 of the Lair of Beasts
 15119 | Lair:1   | Reached skill level 5 in Fighting
 15945 | Lair:2   | Noticed a five-headed hydra
 15958 | Lair:2   | Killed a five-headed hydra
 16724 | Lair:2   | Learned a level 1 spell: Magic Dart
 16868 | Lair:2   | Noticed an eight-headed hydra
 16879 | Lair:2   | Killed an eight-headed hydra
 16880 | Lair:2   | Reached skill level 10 in Fighting
 17115 | Lair:2   | Reached skill level 1 in Conjurations
 17702 | Lair:3   | Noticed a spriggan rider
 17715 | Lair:3   | Reached XP level 12. HP: 88/106 MP: 13/19
 17716 | Lair:3   | Identified the +4 kite shield "Osizil" {Slay+3} (Okawaru
                  | gifted it to you on level 3 of the Lair of Beasts)
 17716 | Lair:3   | Received a gift from Okawaru
 17921 | Lair:3   | Reached skill level 1 in Shields
 17927 | Lair:3   | Reached skill level 2 in Shields
 18117 | Lair:3   | Reached skill level 3 in Shields
 18289 | Lair:3   | Reached skill level 4 in Shields
 18304 | Lair:3   | Reached skill level 5 in Shields
 18322 | Lair:3   | Reached skill level 6 in Shields
 18336 | Lair:3   | Reached skill level 7 in Shields
 18537 | Lair:3   | Found a staircase to the Swamp.
 18572 | Lair:3   | Found a staircase to the Snake Pit.
 19017 | Lair:4   | Reached skill level 8 in Shields
 19141 | Lair:4   | Received a gift from Okawaru
 19278 | Lair:4   | Reached skill level 9 in Shields
 19419 | Lair:4   | Noticed a five-headed hydra
 19426 | Lair:4   | Killed a five-headed hydra
 19785 | Lair:4   | Found a runed translucent door.
 19866 | Lair:4   | Noticed a six-headed hydra
 19882 | Lair:4   | Killed a six-headed hydra
 19883 | Lair:4   | Reached skill level 10 in Shields
 20065 | Lair:5   | Reached XP level 13. HP: 113/113 MP: 20/20
 20166 | Lair:5   | Noticed Sonja
 20173 | Lair:5   | Killed Sonja
 20654 | Lair:5   | Identified the +2 pair of gloves of Free Will {rF+}
                  | (Okawaru gifted it to you on level 5 of the Lair of Beasts)
 20654 | Lair:5   | Received a gift from Okawaru
 20673 | Lair:5   | Reached skill level 11 in Shields
 20848 | Lair:5   | Noticed Nessos
 20852 | Lair:5   | Killed Nessos
 20857 | Lair:5   | Found a staircase to the Slime Pits.
 20857 | Lair:5   | Found a viscous altar of Jiyva.
 21095 | Lair:6   | Entered Level 6 of the Lair of Beasts
 21119 | Lair:6   | Reached skill level 12 in Shields
 21230 | Lair:6   | Reached ****** piety under Okawaru
 21305 | Lair:6   | Noticed Snorg
 21326 | Lair:6   | HP: 2/113 [Snorg (21)]
 21331 | Lair:6   | Killed Snorg
 21332 | Lair:6   | Reached skill level 13 in Shields
 21856 | Lair:6   | Noticed Josephine
 21894 | Lair:6   | Killed Josephine
 21895 | Lair:6   | Reached skill level 14 in Shields
 22121 | Lair:6   | Received a gift from Okawaru
 22383 | Lair:6   | Reached XP level 14. HP: 99/121 MP: 15/21
 22608 | Lair:6   | Reached skill level 15 in Shields
 22774 | Lair:6   | Reached skill level 5 in Conjurations
 23601 | D:11     | Noticed Fannar
 23631 | D:11     | Killed Fannar
 23942 | D:11     | Noticed Harold
 23960 | D:11     | Killed Harold
 24163 | D:11     | Noticed Amaemon
 24170 | D:11     | Killed Amaemon
 24829 | D:12     | Found Ivepsu Duve's Gadget Gallery.
 24849 | D:12     | Found a staircase to the Orcish Mines.
 24968 | D:12     | Bought a condenser vane for 640 gold pieces
 24980 | D:12     | Identified the +0 ring mail "Xuysoll" {rPois Slay+3}
 25121 | D:12     | Reached skill level 1 in Evocations
 25710 | Orc:1    | Entered Level 1 of the Orcish Mines
 25726 | Orc:1    | Found Kaus's Specific Store.
 25728 | Orc:1    | Found Banli Diwue's General Store.
 26141 | Orc:1    | Noticed Erica
 26159 | Orc:1    | Killed Erica
 26745 | Orc:2    | Entered Level 2 of the Orcish Mines
 26968 | Orc:2    | Reached skill level 5 in Evocations
 27085 | Orc:2    | Identified the +1 hat of Slovenliness {MP+9 Str+2 Dex+3}
                  | (Okawaru gifted it to you on level 2 of the Orcish Mines)
 27085 | Orc:2    | Received a gift from Okawaru
 27220 | Orc:2    | Found a staircase to the Elven Halls.
 27498 | Orc:2    | Found Zen Lipp's Armour Shoppe.
 27498 | Orc:2    | Found Gucusi Desu's Antique Weapon Shop.
 27500 | Orc:2    | Found Lyly's Jewellery Boutique.
 27502 | Orc:2    | Found Liojioro's Antique Armour Emporium.
 27541 | Orc:2    | Bought a fustibalus for 600 gold pieces
 27586 | Orc:1    | Bought the +1 pair of gloves of Ennui {rCorr Str+5 Dex-4
                  | SInv} for 284 gold pieces
 27860 | D:3      | Bought a scroll of brand weapon for 280 gold pieces
 29661 | D:14     | Reached XP level 15. HP: 80/126 MP: 22/22
 29992 | D:14     | Learned a level 8 spell: Lehudib's Crystal Spear
 30212 | D:14     | Reached skill level 1 in Earth Magic
 30246 | D:14     | Paralysed by a vampire knight for 2 turns
 30251 | Arena    | Entered the Arena
 30269 | D:14     | Killed themself with a badly aimed burst of rock shards

Illustrated notes

Levels and vault maps discovered:
D:1:      mushboom_english_gardens, layout_loops_ring,
          minmay_misc_feat_more_columns, minivault_19, minmay_misc_feat_x,
          st_stairs_14, amcnicky_mini_corridor_feature,
          chequers_serial_rivers_small_b, minmay_shallow_snake_nest
D:2:      layout_basic, basic_altar, hellmonk_ecumenical_altar_dog_temple
D:3:      layout_loops_ring, serial_shops, shop
D:4:      layout_basic, uniq_sigmund
D:5:      minmay_chambers_of_threes, layout_basic,
          minmay_temple_entry_gardened_gates
D:6:      layout_basic, minitemple, mainiacjoe_overflow_alcove_4,
          mainiacjoe_overflow_boulevard, nicolae_ossuary_entry_giza,
          ebering_ghost_sewer_d, uniq_edmund
D:7:      layout_loops_corners, enter_bailey_5, uniq_maggie
D:8:      layout_basic
D:9:      layout_cave_pools, grunt_lair_entry_orc_guard_hut
D:10:     layout_basic, lemuel_crystal_altar, nicolae_gozag_zags_fifth_avenue,
          serial_nicolae_subway, nicolae_sub_station_stone,
          nicolae_sub_station_metal, nicolae_sub_station_crystal
D:11:     layout_loops_corners, kennysheep_minor_cross, uniq_amaemon,
          uniq_harold, uniq_fannar
D:12:     layout_loops_ring, erik_orc_3, minmay_misc_feat_rows,
          nicolae_shop_gadgets
D:13:     layout_irregular_city
D:14:     minmay_nested_s, layout_long_grid,
          hangedman_vaults_entry_quadrant_bands, uniq_kirke
Temple:   minmay_temple_curvy_branch
Lair:1:   layout_small_grid
Lair:2:   layout_layer_cave, beast_lair_carwin_4, lemuel_fruit_tree
Lair:3:   kb_forest_paths, layout_chaotic_city, minmay_swamp_entry_worms,
          guppyfry_snake_entry_garden
Lair:4:   layout_regular_city, pf_torpor_hydra
Lair:5:   layout_gridlike, slime_entry_1, chequers_serial_rivers_room_a,
          minmay_lair_oklob_bushes, nzn_sisyphean_effort, uniq_sonja,
          uniq_nessos
Lair:6:   grunt_lair_end_beastmaster, layout_loops_ring, serial_bayou_shore_b,
          uniq_josephine, uniq_snorg
Orc:1:    minmay_goldmine, layout_caves, nicolae_specific_store, uniq_erica
Orc:2:    st_orc_rangers, layout_caves

Skill      XL: |  1  2  3  4  5  6  7  8  9 10 11 12 13 14 15 |
---------------+----------------------------------------------+-----
Spellcasting   | 3 4 5 6 |  6.1
Ice Magic      | 5 6 7 |  7.2
Maces & Flails | 2 6 8 10 13 14 | 14.0
Invocations    | 5 7 |  7.7
Fighting       | 10 | 10.0
Conjurations   | 2 4 7 8 |  8.6
Shields        | 10 14 15 | 15.0
Evocations     | 9 |  9.0
Earth Magic    | 2 |  2.2
Dodging        | |  1.7
Stealth        | |  1.7

Action                   |  1- 3 |  4- 6 |  7- 9 | 10-12 | 13-15 || total
-------------------------+-------+-------+-------+-------+-------++-------
Melee: Quarterstaff      |    16 |     1 |       |       |       ||    17
       Shillelagh        |       |     4 |   125 |   336 |   575 ||  1040
       Tailslap          |       |       |    12 |    33 |    88 ||   133
       Punch             |       |       |       |     1 |       ||     1
       Hunting sling     |       |       |       |       |     4 ||     4
 Fire: Hunting sling     |    23 |    67 |   291 |    28 |    22 ||   431
 Cast: Freeze            |    43 |       |       |       |       ||    43
       Frozen Ramparts   |     7 |    18 |    25 |    67 |    68 ||   185
       Ozocubu's Armour  |       |       |    11 |    23 |    23 ||    57
Invok: Heroism           |       |       |     4 |     2 |     3 ||     9
       Finesse           |       |       |       |       |     1 ||     1
       Duel              |       |       |       |       |     1 ||     1
 Abil: Breathe Frost     |       |       |    10 |    13 |    14 ||    37
Evoke: Wand              |       |       |       |       |     1 ||     1
       Tin of tremorston |       |       |       |       |     2 ||     2
  Use: Scroll            |     7 |     4 |     6 |    10 |     6 ||    33
       Potion            |       |       |       |     1 |     3 ||     4
 Stab: Sleeping          |       |       |     1 |     2 |       ||     3
       Petrified         |       |       |       |       |     3 ||     3
       Distracted        |       |       |       |       |     2 ||     2
Armor: Skin              |    19 |    26 |   107 |   104 |   226 ||   482
Dodge: Dodged            |    31 |    37 |   162 |   175 |   172 ||   577
Block: Other             |       |       |       |     4 |       ||     4
       Kite shield       |       |       |       |   102 |   686 ||   788
       Reflection        |       |       |       |     4 |   121 ||   125

Table legend: (Time is in decaauts)
 A = Elapsed time spent in this place.
 B = Non-inter-level travel time spent in this place.
 C = Inter-level travel time spent in this place.
 D = Time resting spent in this place.
 E = Time spent auto-exploring this place.
 F = Levels seen in this place.
 G = Mean time per level.
                   A        B        C        D        E       F      G
               +--------+--------+--------+--------+--------+-----+--------+
         Total |  30221 |  28393 |   1828 |   7661 |  12948 |  26 | 1162.3 |
       Dungeon |  16073 |  14766 |   1307 |   3326 |   7774 |  14 | 1148.1 |
        Temple |    272 |    250 |     22 |      0 |    141 |   1 |  272.0 |
          Lair |   8520 |   8204 |    316 |   2128 |   3976 |   6 | 1420.0 |
  Orcish Mines |   2329 |   2146 |    183 |    641 |    686 |   2 | 1164.5 |
       Ossuary |    446 |    446 |      0 |    264 |      0 |   1 |  446.0 |
        Bailey |   2566 |   2566 |      0 |   1302 |    370 |   1 | 2566.0 |
         Arena |     12 |     12 |      0 |      0 |      0 |   1 |   12.0 |
               +--------+--------+--------+--------+--------+-----+--------+

Top non-repeatable levels by time:
  Bailey: 2566 daAuts
  Lair:6: 2213 daAuts
  Lair:2: 1707 daAuts
     D:6: 1671 daAuts
     D:1: 1558 daAuts
   Orc:1: 1446 daAuts
     D:5: 1433 daAuts
     D:4: 1320 daAuts
    D:11: 1281 daAuts
  Lair:4: 1238 daAuts
     D:7: 1215 daAuts
     D:8: 1183 daAuts
  Lair:1: 1125 daAuts
  Lair:3: 1124 daAuts
  Lair:5: 1110 daAuts
